 Dungeon Crawl Stone Soup version 0.24-a0-506-g958ff8eaa0 (webtiles) character file.

Game seed: 5115576822323573144

430 KapersCrawl the Sneak (level 6, -2/42 HPs)
             Began as an Octopode Skald on July 18, 2019.
             Slain by a slave (10 damage)
             ... led by Pikel
             ... on level 4 of the Dungeon.
             The game lasted 00:21:17 (5189 turns).

KapersCrawl the Sneak (Octopode Skald)              Turns: 5189, Time: 00:21:18

Health: -2/42      AC:  1    Str: 10    XL:     6   Next: 99%
Magic:  9/9        EV: 14    Int: 18    God:
Gold:   199        SH:  0    Dex: 11    Spells: 3/9 levels left

rFire    . . .     SeeInvis .   e - +0 trident
rCold    . . .     Gourm    .   (no shield)
rNeg     . . .     Faith    .   (helmet restricted)
rPois    .         Spirit   .   (no amulet)
rElec    .         Reflect  .   (no ring)
rCorr    .         Harm     .   (no ring)
MR       .....                  (no ring)
Stlth    +++.......             (no ring)
HPRegen  0.14/turn              (no ring)
MPRegen  0.11/turn              (no ring)
                                (no ring)
                                (no ring)

@: no status effects
A: almost no armour, stealthy swim, amphibious, 8 rings, constrict 8, camouflage
1, gelatinous body 1
a: no special abilities


You were on level 4 of the Dungeon.
You were not hungry.

You visited 1 branch of the dungeon, and saw 4 of its levels.

You collected 199 gold pieces.

Inventory:

Hand Weapons
 e - a +0 trident (weapon)
 q - a +2 whip of flaming
 s - a +0 hand crossbow
 w - a +0 hunting sling
Missiles
 b - 24 sling bullets
 d - 100 stones
 t - 36 bolts
 C - 2 javelins (quivered)
Jewellery
 a - an uncursed ring of magical power {unknown}
 r - an uncursed amulet of magic regeneration {unknown}
 u - a cursed -3 ring of intelligence {unknown}
Wands
 D - a wand of polymorph (11)
Scrolls
 f - 2 scrolls of random uselessness {unknown}
 i - a scroll of remove curse
 k - a scroll of magic mapping
 p - a scroll of immolation {unknown}
 x - a scroll of amnesia {unknown}
 y - a scroll of noise {unknown}
 B - a scroll of enchant weapon {unknown}
 E - a scroll of enchant armour {unknown}
Potions
 g - a potion of curing
 h - 2 potions of flight {unknown}
 l - a potion of brilliance {unknown}
 m - 2 potions of magic {unknown}
 n - a potion of lignification {unknown}
 o - a potion of mutation {unknown}
 v - 2 potions of cancellation {unknown}
 z - a potion of ambrosia {unknown}
 F - a potion of might {unknown}
Comestibles
 c - 3 rations


   Skills:
 + Level 3.6 Fighting
 + Level 3.6 Polearms
 - Level 3.0 Dodging
 + Level 4.2 Stealth
 - Level 2.0 Spellcasting
 + Level 2.5 Hexes
 - Level 4.0 Charms


You had 3 spell levels left.
You knew the following spells:

 Your Spells              Type           Power        Failure   Level  Hunger
a - Infusion              Chrm           ###.         3%          1    #......
b - Spectral Weapon       Hex/Chrm       ##......     14%         3    ###....
c - Shroud of Golubria    Chrm/Tloc      #.....       12%         2    ###....

Your spell library contained the following spells:

 Spells                   Type           Power        Failure   Level  Hunger
 Song of Slaying          Chrm           ###.....     5%          2    ###....
 Regeneration             Chrm/Necr      #.........   24%         3    ###....


Dungeon Overview and Level Annotations

Branches:
Dungeon (4/15)
 Temple: D:4-7

Altars:
Gozag
Kikubaaqudgha
Yredelemnul
Zin

Annotations:
D:2 exclusion: 2 downstairs, Sigmund
D:3 exclusion: downstairs


Innate Abilities, Weirdness & Mutations

You cannot wear most types of armour.
You are very stealthy in the water. (Stealth+)
You are amphibious.
You can wear up to eight rings at the same time.
You can use your tentacles to constrict eight enemies at once.
Your skin changes colour to match your surroundings (Stealth+).
Your rubbery body absorbs attacks. (AC +1, EV +1)


Message History

Aim: a slave (severely wounded, constricted by you)
You hit the slave.
The slave is severely wounded.
You constrict the slave. The slave hits you!
Attack whom?
Press: ? - help, Dir - move target cursor, f/p - slave
Aim: a slave (severely wounded, constricted by you)
You hit the slave but do no damage.
The slave is severely wounded.
You constrict the slave. The slave hits you.
* * * LOW HITPOINT WARNING * * *
You release your grip on the slave.
There is a stone staircase leading down here.
There is a stone staircase leading down here.
There is a stone staircase leading up, spattered with blood here.
The slave hits you.
* * * LOW HITPOINT WARNING * * *
There is a stone staircase leading down here.
The slave hits you!
You die...

#.........# ##..
#.....<...# #...
#.........# #...
#[........# #...
#.........# ##..
###.........# ##..
#...........# #...
#.........p.# #...
#.........@#### #...
#.............###########..
#######.##.##..............
#.##.################
#.##..#######
#..##.......###
##.####..##...# #
#..####.####.####### ##.p#
#.>.....)...##


You could see a slave.

Vanquished Creatures
  2 scorpions (D:4)
  A hound (D:4)
  An orc wizard (D:3)
  An orc priest (D:4)
  Jessica (D:3)
  2 worker ants (D:4)
  10 adders
  An ooze (D:1)
  An adder skeleton (D:4)
  2 worms
  3 dart slugs
  A leopard gecko (D:4)
  8 orcs
  A ball python (D:1)
  2 bats
  2 giant cockroaches
  8 goblins
  6 hobgoblins
  3 kobolds
  2 quokkas (D:4)
  4 frilled lizards
  7 rats
69 creatures vanquished.

Vanquished Creatures (others)
  2 spectral weapons
2 creatures vanquished.

Grand Total: 71 creatures vanquished

Notes
Turn   | Place    | Note
-------+----------+-------------------------------------------
     0 | D:1      | KapersCrawl the Octopode Skald began the quest for the Orb.
     0 | D:1      | Reached XP level 1. HP: 14/14 MP: 3/3
   179 | D:2      | Reached XP level 2. HP: 8/19 MP: 1/5
   445 | D:2      | Reached skill level 1 in Stealth
   504 | D:2      | Reached XP level 3. HP: 19/25 MP: 1/6
   608 | D:2      | Learned a level 3 spell: Spectral Weapon
  1576 | D:2      | Noticed Sigmund
  1650 | D:2      | Reached XP level 4. HP: 27/30 MP: 7/7
  2017 | D:3      | Noticed Jessica
  2234 | D:3      | Found a basalt altar of Yredelemnul.
  2858 | D:3      | Killed Jessica
  2858 | D:3      | Reached skill level 1 in Hexes
  2858 | D:3      | Reached XP level 5. HP: 34/36 MP: 4/8
  2967 | D:3      | Found an ancient bone altar of Kikubaaqudgha.
  2968 | D:3      | Found an opulent altar of Gozag.
  3303 | D:3      | Found a glowing silver altar of Zin.
  3368 | D:4      | Noticed Pikel
  3368 | D:4      | Noticed a slave
  3368 | D:4      | Noticed a slave
  3368 | D:4      | Noticed a slave
  3368 | D:4      | Noticed a slave
  3452 | D:4      | Learned a level 2 spell: Shroud of Golubria
  3492 | D:4      | Reached XP level 6. HP: 40/42 MP: 9/9
  3777 | D:4      | Noticed Pikel
  3777 | D:4      | Pikel changed into Pikel the black bear
  4612 | D:3      | HP: 2/42 [slave[Pikel] (7)]
  5189 | D:4      | Slain by a slave

Levels and vault maps discovered:
D:1:      minmay_arrival_checkered_box, layout_basic
D:2:      layout_basic, uniq_sigmund
D:3:      layout_basic, nicolae_overflow_hidden_temple,
          yredelemnul_altar_generic, uniq_jessica
D:4:      layout_rooms, item_on_display_a, uniq_pikel

Skill      XL: |  1  2  3  4  5  6 |
---------------+-------------------+-----
Stealth        | 1 2 3 4 |  4.2
Dodging        | 3 |  3.0
Hexes          | 1 2 |  2.5
Polearms       | 3 |  3.6
Fighting       | 3 |  3.6
Charms         | 4 |  4.0
Spellcasting   | |  2.0

Action                   |  1- 3 |  4- 6 || total
-------------------------+-------+-------++-------
Melee: Spear             |    49 |    15 ||    64
       Constrict         |    14 |    13 ||    27
       Tentacles         |     7 |    10 ||    17
       Dagger            |    23 |    19 ||    42
       Trident           |       |    20 ||    20
 Fire: Hunting sling     |     6 |    37 ||    43
       Hand crossbow     |       |    64 ||    64
Throw: Javelin           |       |     1 ||     1
       Stone             |       |     1 ||     1
 Cast: Infusion          |    10 |       ||    10
       Spectral Weapon   |     1 |    14 ||    15
Evoke: Wand              |       |     2 ||     2
  Use: Scroll            |     2 |     2 ||     4
       Potion            |       |     1 ||     1
 Stab: Sleeping          |     3 |       ||     3
  Eat: Chunk             |     3 |    10 ||    13
       Ration            |       |     1 ||     1
Armor: Skin              |     4 |    11 ||    15
Dodge: Dodged            |    30 |    75 ||   105

Table legend:
 A = Non-vault XP
 B = Vault XP
 C = Vault XP percentage of total XP
 D = Non-vault monster count
 E = Vault monster count
 F = Vault count percentage of total count
                 A         B        C        D         E       F
            +---------+---------+-------+---------+---------+-------
      Total |     578 |      37 |   6.0 |      68 |       1 |   1.4
            +---------+---------+-------+---------+---------+-------
        D:1 |      41 |       0 |   0.0 |      19 |       0 |   0.0
        D:2 |      76 |       0 |   0.0 |      13 |       0 |   0.0
        D:3 |      79 |      37 |  31.9 |      16 |       1 |   5.9
        D:4 |     382 |       0 |   0.0 |      20 |       0 |   0.0
            +---------+---------+-------+---------+---------+-------
